 Dungeon Crawl Stone Soup version 0.20-a0-201-g851c6fa (webtiles) character file.

247 KristoblXynda the Slasher (level 5, -7/45 HPs)
             Began as a Draconian Fighter on Nov 24, 2016.
             Was a Believer of Cheibriados.
             Killed from afar by kroki's ghost (12 damage)
             ... with a puff of flame
             ... on level 4 of the Dungeon.
             The game lasted 00:05:54 (2938 turns).

KristoblXynda the Slasher (Draconian Fighter)       Turns: 2938, Time: 00:05:55

Health: -7/45      AC:  5    Str: 29    XL:     5   Next: 85%
Magic:  6/6        EV: 12    Int: 15    God:    Cheibriados [**....]
Gold:   104        SH: 11    Dex: 19    Spells: 4/4 levels left

rFire  . . .     SeeInvis .     a - +1 long sword
rCold  . . .     Gourm    .     (armour unavailable)
rNeg   . . .     Faith    .     b - +0 shield
rPois  .         Spirit   .     (helmet restricted)
rElec  .         Reflect  .     (no cloak)
rCorr  .         Harm     .     (no gloves)
MR     .....                    (no boots)
Stlth  ++........               (no amulet)
                                (no ring)
                                g - +2 ring of dexterity

@: mighty, about to teleport, very slow
A: unfitting armour, cold-blooded, AC +5
a: Bend Time, Renounce Religion


You were on level 4 of the Dungeon.
You worshipped Cheibriados.
Cheibriados was pleased with you.
You were not hungry.

You visited 1 branch of the dungeon, and saw 4 of its levels.

You collected 104 gold pieces.

Inventory:

Hand Weapons
 a - a +1 long sword (weapon)
Armour
 b - a +0 shield (worn)
Jewellery
 g - a +2 ring of dexterity (left hand)
Wands
 s - a wand of flame (48/48)
Scrolls
 f - 2 scrolls of enchant weapon
Potions
 c - a potion of might
 e - a potion of lignification {unknown}
 o - a potion of resistance {unknown}
 q - a potion of mutation
 t - a potion of heal wounds {unknown}
 u - a potion of magic {unknown}
Comestibles
 d - 3 bread rations
 n - 3 meat rations


   Skills:
 - Level 3.2 Fighting
 + Level 4.2 Long Blades
 - Level 3.4 Dodging
 + Level 4.2 Shields
 + Level 2.4 Invocations


You had 4 spell levels left.
You didn't know any spells.

Dungeon Overview and Level Annotations

Branches:
Dungeon (4/15)
 Temple: D:4-7

Altars:
Ashenzari
Cheibriados
Makhleb
Vehumet
Xom

Annotations:
D:4 Sigmund; kroki's ghost, amateur DEFE


Innate Abilities, Weirdness & Mutations

Your plain brown scales are hard. (AC +5)
You cannot fit into any form of body armour.
You are cold-blooded and may be slowed by cold attacks.


Message History

Things that are here:
a dagger; 5 stones; a hobgoblin corpse You feel very mighty all of a sudden.
The worker ant bites you but does no damage.
As you read the scroll of teleportation, it crumbles to dust.
You feel strangely unstable.
Sigmund appears from thin air!
Reactivating autopickup.
The worker ant bites you.
* * * LOW HITPOINT WARNING * * *
You block Sigmund's attack. You block the worker ant's attack.
You hit the worker ant.
You kill the worker ant!
Cheibriados appreciates the change of pace.
Sigmund gestures wildly while chanting.
Sigmund flickers and vanishes!
Deactivating autopickup; reactivate with Ctrl-A.
Unknown command.
Kroki's ghost gestures at you while chanting.
The puff of flame hits you!
You die...

#.._........#
##..#..W...######..
....#...)$.........
(..###....#.#####.
...###..###)#####..
...###...))).......
##.....####)####...
###... #W# .....
#@# #..... #......#
#..... #....$.#
#....# #......#
#.... #(.....#
#......# ########


You could see kroki's ghost.

Vanquished Creatures
  A crimson imp (D:3)
  An orc wizard (D:3)
  Jessica (D:2)
  A worker ant (D:4)
  Robin (D:4)
  2 adders
  An ooze (D:4)
  3 worms
  A dart slug (D:1)
  3 leopard geckos (D:2)
  6 orcs
  2 bats
  8 giant cockroaches
  14 goblins
  8 hobgoblins
  2 jackals (D:3)
  9 kobolds
  A quokka (D:3)
  2 ball pythons
  6 frilled lizards
  10 rats
83 creatures vanquished.

Notes
Turn   | Place    | Note
-------+----------+-------------------------------------------
     0 | D:1      | KristoblXynda the Draconian Fighter began the quest for the Orb.
     0 | D:1      | Reached XP level 1. HP: 19/19 MP: 1/1
   356 | D:1      | Reached XP level 2. HP: 24/26 MP: 2/2
   759 | D:2      | Reached XP level 3. HP: 18/31 MP: 3/3
   918 | D:2      | Found a snail-covered altar of Cheibriados.
   973 | D:2      | Became a worshipper of Cheibriados the Contemplative
  1181 | D:2      | Noticed Jessica
  1192 | D:2      | Killed Jessica
  1192 | D:2      | Reached XP level 4. HP: 14/38 MP: 4/4
  1613 | D:2      | Reached * piety under Cheibriados
  2379 | D:3      | Found a radiant altar of Vehumet.
  2391 | D:3      | Reached skill level 1 in Invocations
  2426 | D:3      | Reached ** piety under Cheibriados
  2447 | D:3      | Reached XP level 5. HP: 12/45 MP: 4/6
  2780 | D:3      | Found a burning altar of Makhleb.
  2780 | D:3      | Found a shimmering altar of Xom.
  2859 | D:4      | Found a shattered altar of Ashenzari.
  2873 | D:4      | Noticed Robin
  2887 | D:4      | Killed Robin
  2921 | D:4      | Noticed Sigmund
  2926 | D:4      | Noticed kroki's ghost (amateur DEFE)
  2938 | D:4      | Killed from afar by kroki's ghost

Vault maps used:
D:1:      dpeg_arrival_connections
D:2:      overflow_temple_1_default, serial_glass, glass_columns_c,
          glass_columns_a, glass_columns_c, glass_columns_a, glass_columns_c,
          glass_columns_b, item_on_display_a, minmay_tromino_v7, uniq_jessica
D:3:      grunt_temple_overflow_champion_of_chaos, overflow_temple_1_default
D:4:      kennysheep_spiral_hall, cheibrodos_ashenzari_chains,
          okawaru_metal_pillars_3, dk_vineyard_2, uniq_robin, uniq_natasha,
          uniq_sigmund

Skill      XL: |  1  2  3  4  5 |
---------------+----------------+-----
Dodging        | 3 |  3.4
Long Blades    | 3 4 |  4.2
Invocations    | 1 2 |  2.4
Shields        | 4 |  4.2
Fighting       | |  3.2

Action                   |  1- 3 |  4- 6 || total
-------------------------+-------+-------++-------
Melee: Long sword        |    68 |   143 ||   211
       Tailslap          |    12 |    25 ||    37
  Use: Potion            |     1 |     2 ||     3
       Scroll            |       |    10 ||    10
 Stab: Sleeping          |       |     2 ||     2
  Eat: Chunk             |       |     4 ||     4
       Beef jerky        |       |     1 ||     1
Armor: Skin              |    24 |    44 ||    68
Dodge: Dodged            |    38 |    74 ||   112
Block: Shield            |    44 |    89 ||   133
       Rpst.: Long sword |    16 |    23 ||    39
